 Dungeon Crawl Stone Soup version 0.17-a0-1636-g3119f2b (webtiles) character file.

186 urechis the Cudgeler (level 5, 0/59 HPs)
             Began as an Ogre Fighter on Aug 6, 2015.
             Slain by a bat (1 damage)
             ... on level 3 of the Dungeon.
             The game lasted 00:06:19 (3252 turns).

urechis the Cudgeler (Ogre Fighter)                 Turns: 3252, Time: 00:06:19

Health: 0/59       AC:  3    Str: 22    XL:     5   Next: 65%
Magic:  5/5        EV:  8    Int:  7    God:
Gold:   191        SH:  8    Dex:  9    Spells: 0 memorised, 4 levels left

rFire  . . .     SeeInvis .     a - +0 flail
rCold  . . .     Clarity  .     b - +0 robe
rNeg   . . .     SustAt   .     c - +0 shield
rPois  .         Gourm    .     (helmet restricted)
rElec  .         Spirit   .     (no cloak)
rCorr  .         Warding  .     (gloves unavailable)
rMut   .         Stasis   .     (boots unavailable)
MR     +....                    (no amulet)
Stlth  ..........               r - ring of loudness (curse)
                                p - ring of protection from magic

@: starving, somewhat resistant to hostile enchantments, extremely unstealthy
A: unfitting armour, tough skin 1
a: no special abilities


You were on level 3 of the Dungeon.
You were starving.

You visited 1 branch of the dungeon, and saw 3 of its levels.
You also visited: Sewer.

You collected 191 gold pieces.

Inventory:

Hand weapons
 a - a +0 flail (weapon)
Missiles
 k - 3 large rocks (quivered)
Armour
 b - a +0 robe (worn)
 c - a +0 shield (worn)
 x - a +1 hat
Jewellery
 p - a ring of protection from magic (left hand)
 r - a cursed ring of loudness (right hand)
 t - an uncursed ring of sustain attributes
Scrolls
 h - 3 scrolls of fog
 m - a scroll of fear
 q - 2 scrolls of teleportation {unknown}
 s - a scroll of enchant armour {unknown}
 u - a scroll of blinking {unknown}
 w - a scroll of recharging {unknown}
Potions
 d - a potion of might
 g - 2 potions of curing {unknown}
 i - 2 potions of cancellation {unknown}
 j - 3 potions of flight
 l - 2 potions of poison {unknown}
 n - 2 potions of heal wounds {unknown}
 v - a potion of brilliance {unknown}
Comestibles
 e - a bread ration
 f - 4 meat rations
 o - a royal jelly


   Skills:
 + Level 5.7 Fighting
 * Level 6.2 Maces & Flails
 - Level 2.6 Dodging
 - Level 2.6 Shields


You had 4 spell levels left.
You didn't know any spells.

Dungeon Overview and Level Annotations

Branches:
Dungeon (3/15)

Altars:

Annotations:
D:3 urechis's ghost, average GrFi


Innate Abilities, Weirdness & Mutations

You are too large for most types of armour.
You have tough skin (AC +1).


Message History

The bat closely misses you. You block the bat's attack.
You block the bat's attack. The ball python bites you.
* * * LOW HITPOINT WARNING * * *
You block the bat's attack. The bat hits you.
* * * LOW HITPOINT WARNING * * *
You block the ball python's attack. The ball python barely misses you.
The bat barely misses you. The bat hits you but does no damage.
You block the bat's attack.
The goblin shouts!
You block the bat's attack. The bat hits you but does no damage.
The ball python barely misses you. The bat barely misses you.
The bat hits you but does no damage. The bat hits you but does no damage.
You block the goblin's attack. The goblin hits you but does no damage.
The ball python bites you.
* * * LOW HITPOINT WARNING * * *
The bat hits you.
You die...

.# ###### .# #....# .# #....# .#
#....# .# #####....## .#
#...'.....#
.####################.###....(###
............W..g.......####))....
..........K..rSb@......# #)#.###
..##################...# #.#....
..#................#...####.#####
..#................#.............
..#...##########...'....###.##..#
..#...# #...#....#.....(.)
..#...' #...#..........>#.
..#...#. #...#......<......
..#...#.$ #...#......##...#.


You could see urechis's ghost, a goblin, a bat, a ball python, a kobold and a
rat.

Vanquished Creatures
  An orc priest (D:3)
  A gnoll (D:1)
  4 adders (D:2)
  4 oozes
  5 worms
  A giant gecko (Sewer)
  4 orcs (D:3)
  10 bats
  4 giant cockroaches
  10 goblins
  7 hobgoblins
  4 jackals (Sewer)
  4 ball pythons
  8 giant newts
  7 kobolds
  7 rats
81 creatures vanquished.

Notes
Turn   | Place    | Note
--------------------------------------------------------------
     0 | D:1      | urechis the Ogre Fighter began the quest for the Orb.
     0 | D:1      | Reached XP level 1. HP: 24/24 MP: 1/1
    29 | D:1      | Reached XP level 2. HP: 27/33 MP: 2/2
   272 | D:1      | Reached XP level 3. HP: 14/40 MP: 3/3
  1524 | D:2      | Reached XP level 4. HP: 43/49 MP: 4/4
  1542 | D:2      | Reached skill level 5 in Maces & Flails
  1747 | D:2      | Reached skill level 5 in Fighting
  1857 | D:3      | Reached XP level 5. HP: 37/57 MP: 5/5
  1979 | D:3      | Noticed urechis's ghost (average GrFi)
  2187 | D:3      | Found a glowing drain.
  2208 | Sewer    | Entered a sewer
  2224 | Sewer    | Reached skill level 6 in Maces & Flails
  3234 | D:3      | HP: 2/59 [bat (1)]
  3242 | D:3      | HP: 2/59 [ball python (1)]
  3251 | D:3      | HP: 1/59 [ball python (2)]
  3252 | D:3      | Slain by a bat

Vault maps used:
D:1:      dpeg_arrival_tiny_a
D:3:      portal_sewer_entry_a, minivault_14
Sewer:    sewer_fruit_machine

Action                   |  1- 3 |  4- 6 || total
-------------------------+-------+-------++-------
Melee: Flail             |   114 |   137 ||   251
  Use: Scroll            |       |     2 ||     2
       Potion            |       |     1 ||     1
  Eat: Chunk             |     2 |     4 ||     6
